 Dungeon Crawl Stone Soup version 0.17-a0-1831-gaadb308 (webtiles) character file.

306 kae the Cudgeler (level 6, -7/51 HPs)
             Began as a Minotaur Fighter on Sept 14, 2015.
             Killed by divine providence
             ... invoked by an orc priest
              (13 damage)
             ... on level 3 of the Dungeon.
             The game lasted 00:02:22 (2879 turns).

kae the Cudgeler (Minotaur Fighter)                 Turns: 2879, Time: 00:02:22

Health: -7/51      AC:  8    Str: 25    XL:     6   Next: 16%
Magic:  5/5        EV:  7    Int: 10    God:
Gold:   198        SH: 10    Dex: 11    Spells: 0 memorised, 5 levels left

rFire  . . .     SeeInvis .     a - +0 flail
rCold  . . .     Clarity  .     b - +0 scale mail
rNeg   . . .     SustAt   .     c - +0 shield
rPois  .         Gourm    .     (helmet restricted)
rElec  .         Spirit   .     l - +0 cloak
rCorr  .         Warding  .     (no gloves)
rMut   .         Stasis   .     (no boots)
MR     .....                    (no amulet)
Stlth  ..........               r - +4 ring of intelligence
                                (no ring)

@: mighty, not resistant to hostile enchantments, extremely unstealthy
A: retaliatory headbutt, horns 2
a: no special abilities


You were on level 3 of the Dungeon.
You were hungry.

You visited 1 branch of the dungeon, and saw 4 of its levels.

You collected 198 gold pieces.

Inventory:

Hand weapons
 a - a +0 flail (weapon)
Armour
 b - a +0 scale mail (worn)
 c - a +0 shield (worn)
 l - a +0 cloak (worn)
Jewellery
 f - an uncursed ring of magical power {unknown}
 m - an uncursed ring of teleportation
 r - a +4 ring of intelligence (right hand)
Scrolls
 j - a scroll of identify
 k - a scroll of immolation
 n - a scroll of enchant weapon {unknown}
 s - a scroll of remove curse
Potions
 h - a potion of magic
 i - 2 potions of haste
 q - a potion of lignification
Books
 u - a book of Burglary

   Spells                             Type                      Level
   a - Swiftness                      Charms/Air                   2
   b - Passwall                       Transmutation/Earth          3
   c - Passage of Golubria            Translocation                4
   d - Lee's Rapid Deconstruction     Earth                        5
   e - Darkness                       Hexes                        6
   f - Invisibility                   Hexes                        6
Comestibles
 e - 3 bread rations
 g - 2 meat rations
 t - a beef jerky
 v - a slice of pizza


   Skills:
 - Level 3.6 Fighting
 + Level 7.9 Maces & Flails
 - Level 3.6 Armour
 - Level 3.6 Shields


You had 5 spell levels left.
You didn't know any spells.

Dungeon Overview and Level Annotations

Branches:
Dungeon (4/15)
 Temple: D:4-7

Altars:
Ru


Innate Abilities, Weirdness & Mutations

You reflexively headbutt those who attack you in melee.
You have a pair of horns on your head.


Message History

Unknown command.
You closely miss the orc priest. The orc priest hits you with a mace.
* * * LOW HITPOINT WARNING * * *
You block the orc's attack. The orc barely misses you.
Drink which item? (? for menu, Esc to quit)
You feel very mighty all of a sudden. The orc priest closely misses you.
The orc hits you but does no damage. You block the orc's attack.
Unknown command.
You hit the orc priest. Your headbutt misses the orc priest.
The orc priest is moderately wounded.
The orc hits you but does no damage.
The orc priest miscasts a cantrip.
The orc barely misses you.
You sock the orc priest!
The orc priest is severely wounded.
The orc closely misses you.
The orc priest mumbles some strange prayers to Beogh against you.
Something smites you!
You die...

#..............# #.#....[.....#
..####....#....###.#..........#
..#...................###....##
.#....................#####..####
..............####..>............
..............# ##..#...###......
...#..........# #...###...#......
.....#..#.##..###[.## ###........
.....########..o@[..#######......
.....##########o.o)....# #......
............###........# #......
(..########............####......
..###########..##................
........##.......##########......
#######..........# #......
####.......# #...... #########
#......


You could see an orc priest and 2 orcs.

Vanquished Creatures
  An orc wizard (D:4)
  Crazy Yiuf (D:3)
  Ijyb (D:3)
  A worker ant (D:4)
  Robin (D:2)
  5 adders
  2 oozes (D:1)
  A worm (D:2)
  4 giant geckos
  11 orcs
  4 giant cockroaches
  9 goblins (D:2)
  14 hobgoblins
  A quokka (D:2)
  7 bats
  5 giant newts
  13 jackals
  13 kobolds
  9 rats
103 creatures vanquished.

Vanquished Creatures (others)
  An orc wizard (D:4)
1 creature vanquished.

Grand Total: 104 creatures vanquished

Notes
Turn   | Place    | Note
--------------------------------------------------------------
     0 | D:1      | kae the Minotaur Fighter began the quest for the Orb.
     0 | D:1      | Reached XP level 1. HP: 19/19 MP: 0/0
   146 | D:1      | Reached XP level 2. HP: 26/26 MP: 1/1
   258 | D:1      | Reached skill level 4 in Maces & Flails
   318 | D:1      | Reached XP level 3. HP: 25/31 MP: 2/2
   951 | D:2      | Noticed Robin
   959 | D:2      | Killed Robin
   959 | D:2      | Reached skill level 5 in Maces & Flails
   969 | D:2      | Reached XP level 4. HP: 28/39 MP: 3/3
  1004 | D:2      | Found a faded altar to an unknown god.
  1561 | D:2      | Reached skill level 6 in Maces & Flails
  1713 | D:3      | Noticed Crazy Yiuf
  1723 | D:3      | Killed Crazy Yiuf
  1723 | D:3      | Reached XP level 5. HP: 35/45 MP: 4/4
  1804 | D:3      | Noticed Ijyb
  1812 | D:3      | Killed Ijyb
  1847 | D:3      | Reached skill level 7 in Maces & Flails
  1973 | D:3      | Found a sacrificial altar of Ru.
  2515 | D:4      | Reached XP level 6. HP: 11/51 MP: 5/5
  2879 | D:3      | Killed from afar by an orc priest

Vault maps used:
D:1:      dpeg_arrival_tiny_i
D:2:      kennysheep_six_static_rooms, ecumenical_altar_2, uniq_robin
D:3:      nicolae_ru_awakened_eye, uniq_iyjb, uniq_crazy_yiuf_cottage
D:4:      first_bread, serial_bayou_lagoon_a, patterned_corridor

Action                   |  1- 3 |  4- 6 || total
-------------------------+-------+-------++-------
Melee: Flail             |    94 |   169 ||   263
  Use: Scroll            |       |     8 ||     8
       Potion            |       |     1 ||     1
  Eat: Chunk             |       |     6 ||     6
